 Dungeon Crawl Stone Soup version 0.29.1-15-g9cfb28693d (webtiles) character file.

Game seed: 4426904949509288036

62 leafyfresh the Sneak (level 4, 0/33 HPs)
             Began as an Octopode Delver on Mar 4, 2023.
             Succumbed to a water moccasin's poison
             ... on level 5 of the Dungeon.
             The game lasted 00:00:32 (500 turns).

leafyfresh the Sneak (Octopode Delver)               Turns: 500, Time: 00:00:32

Health: 0/33       AC:  1    Str: 11    XL:     4   Next: 8%
Magic:  4/4        EV: 13    Int: 14    God:
Gold:   23         SH:  5    Dex: 13    Spells: 3/3 levels left

rFire   . . .      SeeInvis .   a - +0 short sword
rCold   . . .      Faith    .   (no shield)
rNeg    + . .      Spirit   .   (helmet restricted)
rPois   .          Reflect  +   j - amulet of reflection
rElec   .          Harm     .   i - ring of positive energy
rCorr   .          Rampage  .   (no ring)
Will    .....                   (no ring)
Stlth   ++++......              (no ring)
HPRegen 0.11/turn               (no ring)
MPRegen 0.09/turn               (no ring)
                                (no ring)
                                (no ring)

@: lethally poisoned (0 -> -8), attractive
A: almost no armour, amphibious, 8 rings, camouflage 1, gelatinous body 1,
(nimble swimmer 1), tentacles
a: no special abilities


You were on level 5 of the Dungeon.
You visited 1 branch of the dungeon, and saw 1 of its levels.

You collected 23 gold pieces.

Inventory:

Hand Weapons
 a - a +0 short sword (weapon)
Jewellery
 i - a ring of positive energy (left tentacle)
 j - an amulet of reflection (around mantle)
Wands
 f - a wand of digging (3)
Scrolls
 b - a scroll of fog
 c - a scroll of magic mapping
 d - a scroll of fear
Potions
 e - a potion of haste
 g - a potion of attraction
 h - a potion of resistance {unknown}


   Skills:
 + Level 3.7 Fighting
 - Level 2.0 Short Blades
 + Level 2.9 Dodging
 + Level 7.3 Stealth


You had 3 spell levels left.
You didn't know any spells.
Your spell library was empty.

Dungeon Overview and Level Annotations

Branches:
Dungeon (5/15)
 Temple: D:4-7

Altars:


Innate Abilities, Weirdness & Mutations

You cannot wear most types of armour.
You are amphibious.
You can wear up to eight rings at the same time.
Your skin changes colour to match your surroundings (Stealth+).
Your rubbery body absorbs attacks. (AC +1, EV +1)
((You are camouflaged when in or above water. (Stealth+)))
You have tentacles for arms and can constrict up to eight enemies at once.


Message History

You start putting on your amulet.
You continue putting on your amulet of reflection. x5
You finish putting on your amulet of reflection.
You feel a shielding aura gather around you.
j - an amulet of reflection (around mantle)
i - a ring of positive energy (left tentacle) Unknown command.
A water moccasin comes into view.
Found a smoky ruby potion and a scale mail.
A water moccasin is nearby!
A water moccasin is nearby!
You see here a smoky ruby potion.
A water moccasin is nearby!
You barely miss the water moccasin. Your grab misses the water moccasin.
The water moccasin bites you.
You completely miss the water moccasin. Your grab misses the water moccasin.
Your squeeze misses the water moccasin. The water moccasin barely misses you.
The water moccasin bites you.
You are poisoned.
The water moccasin poisons you!
You barely miss the water moccasin. Your grab misses the water moccasin.
You squeeze the water moccasin!
The water moccasin is moderately wounded.
You feel very sick. The water moccasin closely misses you.
You barely miss the water moccasin. Your grab misses the water moccasin.
Your squeeze misses the water moccasin.
The water moccasin is moderately wounded.
You feel very sick. The water moccasin bites you.
You hit the water moccasin. Your grab misses the water moccasin.
Your squeeze misses the water moccasin.
The water moccasin is moderately wounded.
* * * LOW HITPOINT WARNING * * *
You feel very sick. The water moccasin closely misses you.
The water moccasin bites you!
* * * LOW HITPOINT WARNING * * *
It was a potion of attraction.
You feel attractive to monsters.
You die...

###.### #
#.# # #.# #
#.# ### #
#.# #####
#[. #
#.#####...#
#.# #
#.........#
#.# #
#..####...#
#S# #..#
##.## #@#
#..# #.#
#.# #..#
#.#####.#
###..#
#.......#
.....#
#########
######


You could see a water moccasin.

Vanquished Creatures
  A hound (D:5)
  A jelly (D:5)
2 creatures vanquished.

Notes
Turn   | Place    | Note
-------+----------+-------------------------------------------
     0 | D:5      | leafyfresh the Octopode Delver began the quest for the Orb.
     0 | D:5      | Reached XP level 1. HP: 16/16 MP: 1/1
     4 | D:5      | Noticed a jelly
    12 | D:5      | Killed a jelly
    13 | D:5      | Reached skill level 7 in Stealth
    13 | D:5      | Reached XP level 2. HP: 15/21 MP: 2/2
    13 | D:5      | Reached XP level 3. HP: 18/26 MP: 3/3
   281 | D:5      | Reached XP level 4. HP: 24/33 MP: 4/4
   491 | D:5      | Noticed a water moccasin
   500 | D:5      | Succumbed to a water moccasin's poison

Illustrated notes

Levels and vault maps discovered:
D:5:      layout_loops_ring, serial_shops, shop

Skill      XL: |  1 |
---------------+----+-----
Stealth        | 7 |  7.3
Fighting       | |  3.7
Short Blades   | |  2.0
Dodging        | |  2.9

Action                   |  1- 3 |  4- 6 || total
-------------------------+-------+-------++-------
Melee: Short sword       |    10 |     5 ||    15
       Tentacles         |     2 |     1 ||     3
       Constrict         |     1 |       ||     1
  Use: Potion            |       |     1 ||     1
Armor: Skin              |     1 |       ||     1
Dodge: Dodged            |     8 |     3 ||    11
